Penguins vs Capitals

Created - January 22 2011 at 11:30

Goals
1 2 3 T
Penguins 1 0 4 5
Capitals 1 0 1 2
Shots
1 2 3 T
Penguins 16 11 14 41
Capitals 13 8 8 29

Period #1

1. Capitals , Matt Cooke 10 (Alexei Kovalev, Marc Methot) at 2:41 (PP)
2. Penguins , Brad Richards 15 (Pavel Datsyuk, Brandon Dubinsky) at 8:31 (PP)

Penalties :
Brandon Dubinsky (PIT) for Holding (Minor) at 0:43, Dan Girardi (PIT) for Holding (Minor) at 3:13, Tomas Fleischmann (WSH) for High sticking (Minor) at 4:51, Matt Cooke (WSH) for Hooking (Minor) at 7:59, Steve Eminger (WSH) for Interference (Minor) at 12:23, Brian Sutherby (WSH) for Fighting (Major) at 17:56, Brandon Dubinsky (PIT) for Fighting (Major) at 17:56, Brandon Dubinsky (PIT) for instigated a fight (Game Misconduct) at 17:56, Stephane Robidas (PIT) for Roughing (Minor) at 19:49

Period #2

No Goal

Penalties :
Kimmo Timonen (WSH) for Boarding (Minor) at 4:18, Douglas Murray (WSH) for Elbowing (Minor) at 7:42, Daniel Winnik (PIT) for Tripping (Minor) at 19:37

Period #3

3. Penguins , Brad Richards 16 (Pavel Datsyuk, Jason Pominville) at 1:58
4. Penguins , Daniel Sedin 15 (Brad Richards, Stephane Robidas) at 2:16
5. Capitals , Alexander Ovechkin 20 (Tomas Fleischmann) at 3:00
6. Penguins , Pavel Datsyuk 24 (Brad Richards) at 4:34 (PP)
7. Penguins , Henrik Sedin 23 (Dan Girardi, Sami Salo) at 17:04

Penalties :
Mike Green (WSH) for Tripping (Minor) at 3:44, Dan Girardi (PIT) for Slashing (Minor) at 5:04, Ryane Clowe (WSH) for Tripping (Minor) at 14:03

Goalie Stats

Marc-Andre Fleury (PIT), 27 saves from 29 shots - (0.931), W, 28-11-4, 60:00 minutes
Mike Smith (WSH), 4 saves from 4 shots - (1.000), 2:56 minutes
Jimmy Howard (WSH), 32 saves from 37 shots - (0.865), L, 13-20-2, 57:04 minutes

Players Stats

Penguins
Player Name              G  A  P  +/- PIM S  H  SB FO    MP 
------------------------------------------------------------
Blair Betts              0  0  0   0  0   1  2  0  12/26 19 
Brad Richards            2  2  4   1  0   4  0  0  10/22 19 
Brandon Dubinsky         0  1  1   0  19  2  1  0  0/0   6  
Brooks Orpik             0  0  0   0  0   2  2  1  0/0   19 
Claude Giroux            0  0  0   0  0   1  0  0  0/6   21 
Curtis Glencross         0  0  0   1  0   2  0  0  1/2   5  
Dan Girardi              0  1  1   1  4   4  0  1  0/0   22 
Daniel Sedin             1  0  1   0  0   4  0  0  1/1   18 
Daniel Winnik            0  0  0   0  2   2  1  0  0/2   16 
Henrik Sedin             1  0  1   1  0   3  2  0  18/28 21 
Ian Laperriere           0  0  0   1  0   0  4  0  0/0   12 
Jason Pominville         0  1  1   1  0   5  1  0  0/1   17 
John-Michael Liles       0  0  0   0  0   0  0  0  0/0   0  
Nicklas Lidstrom         0  0  0   1  0   6  0  0  0/0   24 
Pavel Datsyuk            1  2  3   1  0   2  1  0  1/1   16 
Pavel Kubina             0  0  0   1  0   2  3  1  0/0   19 
Sami Salo                0  1  1   1  0   0  0  0  0/0   13 
Stephane Robidas         0  1  1   0  2   1  1  1  0/0   22 
Capitals
Player Name              G  A  P  +/- PIM S  H  SB FO    MP 
------------------------------------------------------------
Alexander Ovechkin       1  0  1   1  0   4  3  1  1/4   24 
Alexander Semin          0  0  0  -2  0   4  0  0  1/2   23 
Alexei Kovalev           0  1  1  -1  0   1  0  0  0/0   14 
Brian Sutherby           0  0  0  -3  5   1  1  0  4/7   16 
Corey Potter             0  0  0  -1  0   0  0  2  0/0   19 
Douglas Murray           0  0  0  -2  2   1  4  2  0/0   20 
Jeff Halpern             0  0  0  -1  0   2  0  0  14/33 21 
Kimmo Timonen            0  0  0   1  2   1  0  0  0/0   24 
Marc Methot              0  1  1  -2  0   0  2  1  0/0   17 
Matt Bradley             0  0  0   0  0   0  0  0  0/0   0  
Matt Cooke               1  0  1   0  2   3  0  0  1/1   7  
Matt Pettinger           0  0  0   0  0   0  0  0  0/0   2  
Matt Stajan              0  0  0   1  0   2  0  0  23/38 25 
Mike Green               0  0  0   1  2   3  1  2  0/0   25 
Ryane Clowe              0  0  0  -2  2   0  3  0  1/1   17 
Steve Eminger            0  0  0  -1  2   2  0  0  0/0   13 
Tomas Fleischmann        0  1  1   1  2   5  0  1  1/3   22 
Trent Hunter             0  0  0   0  0   0  0  0  0/0   0  

3 Stars

1 - Brad Richards (PIT)
2 - Pavel Datsyuk (PIT)
3 - Alexander Ovechkin (WSH)

Power Play

Penguins - 2 on 7 Attempt(s) - 28.57%
Capitals - 1 on 6 Attempt(s) - 16.67%

Penalty Kill

Penguins - 5 on 6 Attempt(s) - 83.33% - Score 0 goal in Penalty Kill
Capitals - 5 on 7 Attempt(s) - 71.43% - Score 0 goal in Penalty Kill

Game Notes

Brian Sutherby and Brandon Dubinsky fight to a draw at 17:56 of 1st period
Brandon Dubinsky ejected from game at 17:56 of 1st period
Mike Smith enters game at 17:04 of 3rd period

Finance

Level 1 -- Attendance: 4500 (69.23%) -- Ticket Income $450,000.00
Level 2 -- Attendance: 3725 (74.50%) -- Ticket Income $223,500.00
Level 3 -- Attendance: 2881 (82.31%) -- Ticket Income $100,835.00
Level 4 -- Attendance: 2672 (100.00%) -- Ticket Income $53,440.00
Luxury Box -- Attendance: 783 (78.30%) -- Ticket Income $156,600.00
Game was played at the Verizon Center
Total Attendance: 14561 (77.98%)
Total Ticket Income: $1,028,933.00
Other Income: $215,424.60
Total Income: $1,244,358.00


Play by Play

Period #1

0:01 of 1st period - Henrik Sedin wins face-off versus Matt Stajan in neutral zone.
0:13 of 1st period - Alexander Ovechkin is hit by Stephane Robidas and loses puck.
0:43 of 1st period - Minor Penalty to Brandon Dubinsky for Holding.
0:44 of 1st period - Jeff Halpern wins face-off versus Blair Betts in Penguins zone.
2:11 of 1st period - Shot by Tomas Fleischmann.
2:11 of 1st period - Stopped by Marc-Andre Fleury with a rebound.
2:13 of 1st period - Shot by Tomas Fleischmann.
2:13 of 1st period - Shot Blocked by Brooks Orpik.
2:39 of 1st period - Shot by Matt Cooke.
2:39 of 1st period - Shot Blocked by Stephane Robidas.
2:41 of 1st period - Shot by Matt Cooke.
2:41 of 1st period - Goal by Matt Cooke - Penguins : 0 - Capitals : 1.
2:42 of 1st period - Brad Richards wins face-off versus Jeff Halpern in neutral zone.
3:00 of 1st period - Shot by Alexei Kovalev.
3:00 of 1st period - Deflect By Jeff Halpern.
3:00 of 1st period - Stopped by Marc-Andre Fleury with a rebound.
3:02 of 1st period - Shot by Steve Eminger.
3:02 of 1st period - Stopped by Marc-Andre Fleury without a rebound.
3:03 of 1st period - Matt Stajan wins face-off versus Blair Betts in Penguins zone.
3:13 of 1st period - Minor Penalty to Dan Girardi for Holding.
3:14 of 1st period - Alexander Semin wins face-off versus Daniel Winnik in Penguins zone.
3:43 of 1st period - Ryane Clowe is hit by Pavel Kubina and loses puck.
4:06 of 1st period - Icing by Mike Green.
4:07 of 1st period - Matt Stajan wins face-off versus Claude Giroux in Capitals zone.
4:14 of 1st period - Shot by Alexander Semin.
4:14 of 1st period - Stopped by Marc-Andre Fleury without a rebound.
4:15 of 1st period - Matt Stajan wins face-off versus Claude Giroux in Penguins zone.
4:16 of 1st period - Shot by Mike Green.
4:16 of 1st period - Stopped by Marc-Andre Fleury with a rebound.
4:51 of 1st period - Minor Penalty to Tomas Fleischmann for High sticking.
4:52 of 1st period - Jeff Halpern wins face-off versus Henrik Sedin in Capitals zone.
4:52 of 1st period - Jeff Halpern is hit by Henrik Sedin.
5:08 of 1st period - Shot by Henrik Sedin.
5:08 of 1st period - Shot Blocked by Douglas Murray.
5:12 of 1st period - Shot by Daniel Sedin.
5:12 of 1st period - Shot Misses the Net.
5:14 of 1st period - Shot by Brooks Orpik.
5:14 of 1st period - Stopped by Jimmy Howard without a rebound.
5:15 of 1st period - Brad Richards wins face-off versus Jeff Halpern in Capitals zone.
5:15 of 1st period - Brad Richards is hit by Douglas Murray.
5:17 of 1st period - Shot by Brandon Dubinsky.
5:17 of 1st period - Stopped by Jimmy Howard without a rebound.
5:18 of 1st period - Pavel Datsyuk wins face-off versus Jeff Halpern in Capitals zone.
5:21 of 1st period - Shot by Stephane Robidas.
5:21 of 1st period - Shot Misses the Net.
5:23 of 1st period - Shot by Dan Girardi.
5:23 of 1st period - Stopped by Jimmy Howard without a rebound.
5:24 of 1st period - Matt Stajan wins face-off versus Brad Richards in Capitals zone.
7:20 of 1st period - Shot by Alexei Kovalev.
7:20 of 1st period - Shot Misses the Net.
7:32 of 1st period - Matt Cooke is hit by Blair Betts and loses puck.
7:59 of 1st period - Minor Penalty to Matt Cooke for Hooking.
8:00 of 1st period - Matt Stajan wins face-off versus Brad Richards in Capitals zone.
8:31 of 1st period - Shot by Brad Richards.
8:31 of 1st period - Goal by Brad Richards - Penguins : 1 - Capitals : 1.
8:32 of 1st period - Matt Stajan wins face-off versus Henrik Sedin in neutral zone.
9:41 of 1st period - Shot by Claude Giroux.
9:41 of 1st period - Shot Blocked by Marc Methot.
9:43 of 1st period - Shot by Daniel Winnik.
9:43 of 1st period - Stopped by Jimmy Howard without a rebound.
9:44 of 1st period - Henrik Sedin wins face-off versus Tomas Fleischmann in Capitals zone.
9:44 of 1st period - Henrik Sedin is hit by Douglas Murray.
10:18 of 1st period - Shot by Matt Cooke.
10:18 of 1st period - Shot Misses the Net.
10:39 of 1st period - Icing by Steve Eminger.
10:40 of 1st period - Brad Richards wins face-off versus Jeff Halpern in Capitals zone.
10:43 of 1st period - Shot by Pavel Datsyuk.
10:43 of 1st period - Shot Misses the Net.
10:47 of 1st period - Shot by Pavel Datsyuk.
10:47 of 1st period - Deflect By Jason Pominville.
10:47 of 1st period - Shot Misses the Net.
10:49 of 1st period - Shot by Nicklas Lidstrom.
10:49 of 1st period - Stopped by Jimmy Howard without a rebound.
10:50 of 1st period - Tomas Fleischmann wins face-off versus Blair Betts in Capitals zone.
11:54 of 1st period - Shot by Pavel Datsyuk.
11:54 of 1st period - Shot Misses the Net.
11:56 of 1st period - Shot by Nicklas Lidstrom.
11:56 of 1st period - Stopped by Jimmy Howard without a rebound.
11:57 of 1st period - Henrik Sedin wins face-off versus Jeff Halpern in Capitals zone.
12:03 of 1st period - Daniel Sedin is hit by Marc Methot and loses puck.
12:23 of 1st period - Minor Penalty to Steve Eminger for Interference.
12:24 of 1st period - Henrik Sedin wins face-off versus Jeff Halpern in Capitals zone.
12:24 of 1st period - Henrik Sedin is hit by Douglas Murray.
12:38 of 1st period - Shot by Nicklas Lidstrom.
12:38 of 1st period - Shot Misses the Net.
12:40 of 1st period - Shot by Nicklas Lidstrom.
12:40 of 1st period - Stopped by Jimmy Howard without a rebound.
12:41 of 1st period - Matt Stajan wins face-off versus Brad Richards in Capitals zone.
13:13 of 1st period - Shot by Pavel Datsyuk.
13:13 of 1st period - Stopped by Jimmy Howard without a rebound.
13:14 of 1st period - Henrik Sedin wins face-off versus Jeff Halpern in Capitals zone.
13:15 of 1st period - Shot by Jason Pominville.
13:15 of 1st period - Stopped by Jimmy Howard with a rebound.
13:17 of 1st period - Shot by Nicklas Lidstrom.
13:17 of 1st period - Shot Misses the Net.
13:19 of 1st period - Shot by Jason Pominville.
13:19 of 1st period - Stopped by Jimmy Howard without a rebound.
13:20 of 1st period - Henrik Sedin wins face-off versus Matt Stajan in Capitals zone.
13:23 of 1st period - Shot by Daniel Sedin.
13:23 of 1st period - Shot Blocked by Mike Green.
13:25 of 1st period - Shot by Nicklas Lidstrom.
13:25 of 1st period - Stopped by Jimmy Howard without a rebound.
13:26 of 1st period - Jeff Halpern wins face-off versus Henrik Sedin in Capitals zone.
13:45 of 1st period - Shot by Pavel Kubina.
13:45 of 1st period - Stopped by Jimmy Howard without a rebound.
13:46 of 1st period - Jeff Halpern wins face-off versus Brad Richards in Capitals zone.
13:46 of 1st period - Jeff Halpern is hit by Brandon Dubinsky.
14:13 of 1st period - Off-side.
14:14 of 1st period - Matt Stajan wins face-off versus Henrik Sedin in neutral zone.
14:58 of 1st period - Shot by Brian Sutherby.
14:58 of 1st period - Stopped by Marc-Andre Fleury with a rebound.
15:24 of 1st period - Shot by Alexander Semin.
15:24 of 1st period - Stopped by Marc-Andre Fleury without a rebound.
15:25 of 1st period - Matt Stajan wins face-off versus Brad Richards in Penguins zone.
15:38 of 1st period - Shot by Alexander Ovechkin.
15:38 of 1st period - Shot Misses the Net.
15:40 of 1st period - Shot by Kimmo Timonen.
15:40 of 1st period - Stopped by Marc-Andre Fleury without a rebound.
15:41 of 1st period - Henrik Sedin wins face-off versus Brian Sutherby in Penguins zone.
15:49 of 1st period - Brandon Dubinsky is hit by Douglas Murray.
16:17 of 1st period - Shot by Henrik Sedin.
16:17 of 1st period - Stopped by Jimmy Howard without a rebound.
16:18 of 1st period - Matt Stajan wins face-off versus Brad Richards in Capitals zone.
16:37 of 1st period - Shot by Brad Richards.
16:37 of 1st period - Stopped by Jimmy Howard without a rebound.
16:38 of 1st period - Ryane Clowe wins face-off versus Brad Richards in Capitals zone.
16:57 of 1st period - Shot by Alexei Kovalev.
16:57 of 1st period - Stopped by Marc-Andre Fleury without a rebound.
16:58 of 1st period - Henrik Sedin wins face-off versus Matt Stajan in Penguins zone.
17:04 of 1st period - Kimmo Timonen is hit by Brooks Orpik and loses puck.
17:22 of 1st period - Shot by Brandon Dubinsky.
17:22 of 1st period - Stopped by Jimmy Howard with a rebound.
17:40 of 1st period - Stephane Robidas is hit by Mike Green and loses puck.
17:46 of 1st period - Mike Green is hit by Brooks Orpik and loses puck.
17:56 of 1st period - Brian Sutherby and Brandon Dubinsky fight to a draw.
17:56 of 1st period - Penalty to Brian Sutherby for Fighting.
17:56 of 1st period - Penalty to Brandon Dubinsky for Fighting.
17:56 of 1st period - Penalty to Brandon Dubinsky for instigated a fight.
17:56 of 1st period - Brandon Dubinsky is ejected from game.
17:57 of 1st period - Jeff Halpern wins face-off versus Blair Betts in Capitals zone.
18:14 of 1st period - Shot by Douglas Murray.
18:14 of 1st period - Shot Misses the Net.
18:58 of 1st period - Shot by Mike Green.
18:58 of 1st period - Stopped by Marc-Andre Fleury with a rebound.
19:00 of 1st period - Shot by Matt Cooke.
19:00 of 1st period - Stopped by Marc-Andre Fleury without a rebound.
19:01 of 1st period - Jeff Halpern wins face-off versus Claude Giroux in Penguins zone.
19:46 of 1st period - Shot by Matt Stajan.
19:46 of 1st period - Stopped by Marc-Andre Fleury without a rebound.
19:47 of 1st period - Matt Stajan wins face-off versus Blair Betts in Penguins zone.
19:49 of 1st period - Minor Penalty to Stephane Robidas for Roughing.
19:50 of 1st period - Matt Stajan wins face-off versus Daniel Winnik in Penguins zone.
19:59 of 1st period - Shot by Kimmo Timonen.
19:59 of 1st period - Shot Misses the Net.

Period #2

0:01 of 2nd period - Matt Stajan wins face-off versus Blair Betts in neutral zone.
0:16 of 2nd period - Shot by Mike Green.
0:16 of 2nd period - Stopped by Marc-Andre Fleury with a rebound.
1:13 of 2nd period - Icing by Jeff Halpern.
1:14 of 2nd period - Jeff Halpern wins face-off versus Claude Giroux in Capitals zone.
1:14 of 2nd period - Jeff Halpern is hit by Ian Laperriere.
1:45 of 2nd period - Claude Giroux is hit by Ryane Clowe and loses puck.
3:40 of 2nd period - Shot by Jeff Halpern.
3:40 of 2nd period - Stopped by Marc-Andre Fleury without a rebound.
3:41 of 2nd period - Brian Sutherby wins face-off versus Curtis Glencross in Penguins zone.
3:41 of 2nd period - Brian Sutherby is hit by Pavel Kubina.
3:54 of 2nd period - Alexander Semin is hit by Pavel Kubina and loses puck.
3:57 of 2nd period - Shot by Brian Sutherby.
3:57 of 2nd period - Shot Hit the Post.
3:59 of 2nd period - Shot by Douglas Murray.
3:59 of 2nd period - Stopped by Marc-Andre Fleury without a rebound.
4:00 of 2nd period - Matt Stajan wins face-off versus Brad Richards in Penguins zone.
4:18 of 2nd period - Minor Penalty to Kimmo Timonen for Boarding.
4:19 of 2nd period - Jeff Halpern wins face-off versus Henrik Sedin in Capitals zone.
4:19 of 2nd period - Jeff Halpern is hit by Henrik Sedin.
5:22 of 2nd period - Icing by Brad Richards.
5:23 of 2nd period - Brad Richards wins face-off versus Alexander Ovechkin in Penguins zone.
5:28 of 2nd period - Shot by Stephane Robidas.
5:28 of 2nd period - Stopped by Jimmy Howard without a rebound.
5:29 of 2nd period - Henrik Sedin wins face-off versus Jeff Halpern in Capitals zone.
6:32 of 2nd period - Shot by Claude Giroux.
6:32 of 2nd period - Stopped by Jimmy Howard without a rebound.
6:33 of 2nd period - Brad Richards wins face-off versus Alexander Ovechkin in Capitals zone.
6:36 of 2nd period - Shot by Brad Richards.
6:36 of 2nd period - Shot Misses the Net.
6:57 of 2nd period - Icing by Steve Eminger.
6:58 of 2nd period - Blair Betts wins face-off versus Alexander Ovechkin in Capitals zone.
7:42 of 2nd period - Minor Penalty to Douglas Murray for Elbowing.
7:43 of 2nd period - Henrik Sedin wins face-off versus Matt Stajan in Capitals zone.
7:47 of 2nd period - Shot by Nicklas Lidstrom.
7:47 of 2nd period - Shot Misses the Net.
7:58 of 2nd period - Shot by Pavel Kubina.
7:58 of 2nd period - Shot Blocked by Alexander Ovechkin.
8:00 of 2nd period - Shot by Nicklas Lidstrom.
8:00 of 2nd period - Stopped by Jimmy Howard without a rebound.
8:01 of 2nd period - Jeff Halpern wins face-off versus Brad Richards in Capitals zone.
8:12 of 2nd period - Shot by Pavel Kubina.
8:12 of 2nd period - Shot Blocked by Corey Potter.
8:14 of 2nd period - Shot by Ian Laperriere.
8:14 of 2nd period - Deflect By Brad Richards.
8:14 of 2nd period - Shot Blocked by Corey Potter.
8:22 of 2nd period - Shot by Stephane Robidas.
8:22 of 2nd period - Shot Misses the Net.
8:49 of 2nd period - Icing by Daniel Sedin.
8:50 of 2nd period - Henrik Sedin wins face-off versus Alexander Semin in Penguins zone.
9:11 of 2nd period - Shot by Nicklas Lidstrom.
9:11 of 2nd period - Shot Misses the Net.
9:13 of 2nd period - Shot by Henrik Sedin.
9:13 of 2nd period - Shot Blocked by Mike Green.
9:15 of 2nd period - Shot by Henrik Sedin.
9:15 of 2nd period - Stopped by Jimmy Howard without a rebound.
9:16 of 2nd period - Brad Richards wins face-off versus Matt Stajan in Capitals zone.
9:56 of 2nd period - Icing by Alexei Kovalev.
9:57 of 2nd period - Henrik Sedin wins face-off versus Jeff Halpern in Capitals zone.
10:39 of 2nd period - Icing by Curtis Glencross.
10:40 of 2nd period - Brad Richards wins face-off versus Matt Stajan in Penguins zone.
10:56 of 2nd period - Icing by Kimmo Timonen.
10:57 of 2nd period - Matt Stajan wins face-off versus Henrik Sedin in Capitals zone.
11:25 of 2nd period - Icing by Pavel Datsyuk.
11:26 of 2nd period - Henrik Sedin wins face-off versus Brian Sutherby in Penguins zone.
11:26 of 2nd period - Henrik Sedin is hit by Ryane Clowe.
12:06 of 2nd period - Dan Girardi is hit by Alexander Ovechkin and loses puck.
12:13 of 2nd period - Shot by Matt Stajan.
12:13 of 2nd period - Stopped by Marc-Andre Fleury with a rebound.
12:17 of 2nd period - Shot by Tomas Fleischmann.
12:17 of 2nd period - Stopped by Marc-Andre Fleury without a rebound.
12:18 of 2nd period - Henrik Sedin wins face-off versus Jeff Halpern in Penguins zone.
12:31 of 2nd period - Shot by Daniel Sedin.
12:31 of 2nd period - Stopped by Jimmy Howard without a rebound.
12:32 of 2nd period - Jeff Halpern wins face-off versus Brad Richards in Capitals zone.
12:43 of 2nd period - Shot by Ryane Clowe.
12:43 of 2nd period - Shot Misses the Net.
12:45 of 2nd period - Shot by Alexander Semin.
12:45 of 2nd period - Stopped by Marc-Andre Fleury without a rebound.
12:46 of 2nd period - Henrik Sedin wins face-off versus Matt Stajan in Penguins zone.
12:51 of 2nd period - Shot by Alexander Ovechkin.
12:51 of 2nd period - Stopped by Marc-Andre Fleury with a rebound.
13:16 of 2nd period - Icing by Tomas Fleischmann.
13:17 of 2nd period - Matt Stajan wins face-off versus Blair Betts in Capitals zone.
13:17 of 2nd period - Matt Stajan is hit by Daniel Winnik.
14:05 of 2nd period - Nicklas Lidstrom is hit by Ryane Clowe.
14:58 of 2nd period - Shot by Henrik Sedin.
14:58 of 2nd period - Deflect By Daniel Sedin.
14:58 of 2nd period - Shot Misses the Net.
15:00 of 2nd period - Shot by Brooks Orpik.
15:00 of 2nd period - Stopped by Jimmy Howard without a rebound.
15:01 of 2nd period - Matt Stajan wins face-off versus Blair Betts in Capitals zone.
15:19 of 2nd period - Shot by Daniel Sedin.
15:19 of 2nd period - Stopped by Jimmy Howard with a rebound.
15:21 of 2nd period - Shot by Ian Laperriere.
15:21 of 2nd period - Shot Misses the Net.
15:23 of 2nd period - Shot by Blair Betts.
15:23 of 2nd period - Stopped by Jimmy Howard without a rebound.
15:24 of 2nd period - Brian Sutherby wins face-off versus Blair Betts in Capitals zone.
15:51 of 2nd period - Shot by Dan Girardi.
15:51 of 2nd period - Stopped by Jimmy Howard without a rebound.
15:52 of 2nd period - Matt Stajan wins face-off versus Brad Richards in Capitals zone.
16:01 of 2nd period - Matt Cooke is hit by Pavel Datsyuk and loses puck.
16:17 of 2nd period - Shot by Brad Richards.
16:17 of 2nd period - Shot Misses the Net.
16:23 of 2nd period - Shot by Jason Pominville.
16:23 of 2nd period - Stopped by Jimmy Howard with a rebound.
16:25 of 2nd period - Shot by Pavel Kubina.
16:25 of 2nd period - Stopped by Jimmy Howard without a rebound.
16:26 of 2nd period - Henrik Sedin wins face-off versus Jeff Halpern in Capitals zone.
17:14 of 2nd period - Alexander Semin is hit by Ian Laperriere and loses puck.
18:10 of 2nd period - Shot by Daniel Winnik.
18:10 of 2nd period - Deflect By Blair Betts.
18:10 of 2nd period - Shot Blocked by Tomas Fleischmann.
19:21 of 2nd period - Icing by Stephane Robidas.
19:22 of 2nd period - Jeff Halpern wins face-off versus Henrik Sedin in Penguins zone.
19:34 of 2nd period - Off-side.
19:35 of 2nd period - Matt Stajan wins face-off versus Blair Betts in neutral zone.
19:37 of 2nd period - Minor Penalty to Daniel Winnik for Tripping.
19:38 of 2nd period - Blair Betts wins face-off versus Matt Stajan in Penguins zone.
19:44 of 2nd period - Icing by Mike Green.
19:45 of 2nd period - Blair Betts wins face-off versus Matt Stajan in Capitals zone.
19:56 of 2nd period - Shot by Matt Stajan.
19:56 of 2nd period - Shot Misses the Net.
19:58 of 2nd period - Shot by Alexander Semin.
19:58 of 2nd period - Stopped by Marc-Andre Fleury without a rebound.
19:59 of 2nd period - Jeff Halpern wins face-off versus Claude Giroux in Penguins zone.

Period #3

0:01 of 3rd period - Blair Betts wins face-off versus Matt Stajan in neutral zone.
1:19 of 3rd period - Icing by Ryane Clowe.
1:20 of 3rd period - Jeff Halpern wins face-off versus Blair Betts in Capitals zone.
1:31 of 3rd period - Shot by Douglas Murray.
1:31 of 3rd period - Shot Blocked by Dan Girardi.
1:33 of 3rd period - Shot by Jeff Halpern.
1:33 of 3rd period - Shot Misses the Net.
1:37 of 3rd period - Shot by Ryane Clowe.
1:37 of 3rd period - Deflect By Jeff Halpern.
1:37 of 3rd period - Shot Misses the Net.
1:58 of 3rd period - Shot by Brad Richards.
1:58 of 3rd period - Goal by Brad Richards - Penguins : 2 - Capitals : 1.
1:59 of 3rd period - Brian Sutherby wins face-off versus Henrik Sedin in neutral zone.
2:16 of 3rd period - Shot by Daniel Sedin.
2:16 of 3rd period - Goal by Daniel Sedin - Penguins : 3 - Capitals : 1.
2:17 of 3rd period - Blair Betts wins face-off versus Matt Stajan in neutral zone.
2:26 of 3rd period - Shot by Dan Girardi.
2:26 of 3rd period - Stopped by Jimmy Howard with a rebound.
2:28 of 3rd period - Shot by Daniel Winnik.
2:28 of 3rd period - Stopped by Jimmy Howard without a rebound.
2:29 of 3rd period - Jeff Halpern wins face-off versus Brad Richards in Capitals zone.
2:29 of 3rd period - Jeff Halpern is hit by Jason Pominville.
2:32 of 3rd period - Icing by Brian Sutherby.
2:33 of 3rd period - Brad Richards wins face-off versus Jeff Halpern in Capitals zone.
2:33 of 3rd period - Jason Pominville is hit by Marc Methot and loses puck.
2:38 of 3rd period - Shot by Brad Richards.
2:38 of 3rd period - Stopped by Jimmy Howard without a rebound.
2:39 of 3rd period - Henrik Sedin wins face-off versus Matt Stajan in Capitals zone.
2:54 of 3rd period - Henrik Sedin is hit by Alexander Ovechkin.
2:58 of 3rd period - Shot by Alexander Ovechkin.
2:58 of 3rd period - Shot Misses the Net.
3:00 of 3rd period - Shot by Tomas Fleischmann.
3:00 of 3rd period - Deflect By Alexander Ovechkin.
3:00 of 3rd period - Goal by Alexander Ovechkin - Penguins : 3 - Capitals : 2.
3:01 of 3rd period - Brian Sutherby wins face-off versus Blair Betts in neutral zone.
3:12 of 3rd period - Icing by Blair Betts.
3:13 of 3rd period - Blair Betts wins face-off versus Jeff Halpern in Penguins zone.
3:13 of 3rd period - Blair Betts is hit by Brian Sutherby.
3:21 of 3rd period - Shot by Dan Girardi.
3:21 of 3rd period - Stopped by Jimmy Howard without a rebound.
3:22 of 3rd period - Matt Stajan wins face-off versus Jason Pominville in Capitals zone.
3:35 of 3rd period - Shot by Alexander Ovechkin.
3:35 of 3rd period - Shot Misses the Net.
3:44 of 3rd period - Minor Penalty to Mike Green for Tripping.
3:45 of 3rd period - Henrik Sedin wins face-off versus Tomas Fleischmann in Capitals zone.
4:32 of 3rd period - Shot by Pavel Datsyuk.
4:32 of 3rd period - Deflect By Brad Richards.
4:32 of 3rd period - Shot Misses the Net.
4:34 of 3rd period - Shot by Pavel Datsyuk.
4:34 of 3rd period - Goal by Pavel Datsyuk - Penguins : 4 - Capitals : 2.
4:35 of 3rd period - Blair Betts wins face-off versus Jeff Halpern in neutral zone.
5:04 of 3rd period - Minor Penalty to Dan Girardi for Slashing.
5:05 of 3rd period - Matt Stajan wins face-off versus Claude Giroux in Penguins zone.
6:42 of 3rd period - Shot by Alexander Ovechkin.
6:42 of 3rd period - Stopped by Marc-Andre Fleury without a rebound.
6:43 of 3rd period - Blair Betts wins face-off versus Brian Sutherby in Penguins zone.
7:13 of 3rd period - Shot by Curtis Glencross.
7:13 of 3rd period - Shot Misses the Net.
7:28 of 3rd period - Shot by Dan Girardi.
7:28 of 3rd period - Shot Misses the Net.
8:20 of 3rd period - Shot by Jeff Halpern.
8:20 of 3rd period - Deflect By Tomas Fleischmann.
8:20 of 3rd period - Stopped by Marc-Andre Fleury without a rebound.
8:21 of 3rd period - Alexander Ovechkin wins face-off versus Blair Betts in Penguins zone.
9:36 of 3rd period - Shot by Steve Eminger.
9:36 of 3rd period - Stopped by Marc-Andre Fleury with a rebound.
10:56 of 3rd period - Shot by Tomas Fleischmann.
10:56 of 3rd period - Shot Misses the Net.
10:58 of 3rd period - Shot by Matt Pettinger.
10:58 of 3rd period - Shot Misses the Net.
11:00 of 3rd period - Shot by Matt Cooke.
11:00 of 3rd period - Shot Misses the Net.
11:04 of 3rd period - Shot by Mike Green.
11:04 of 3rd period - Shot Blocked by Pavel Kubina.
11:12 of 3rd period - Shot by Matt Cooke.
11:12 of 3rd period - Stopped by Marc-Andre Fleury with a rebound.
11:38 of 3rd period - Shot by Alexander Ovechkin.
11:38 of 3rd period - Stopped by Marc-Andre Fleury with a rebound.
11:42 of 3rd period - Shot by Alexander Ovechkin.
11:42 of 3rd period - Shot Misses the Net.
11:44 of 3rd period - Shot by Steve Eminger.
11:44 of 3rd period - Shot Misses the Net.
11:48 of 3rd period - Shot by Alexei Kovalev.
11:48 of 3rd period - Shot Misses the Net.
12:43 of 3rd period - Shot by Tomas Fleischmann.
12:43 of 3rd period - Stopped by Marc-Andre Fleury without a rebound.
12:44 of 3rd period - Matt Cooke wins face-off versus Henrik Sedin in Penguins zone.
12:57 of 3rd period - Marc Methot is hit by Ian Laperriere and loses puck.
13:36 of 3rd period - Icing by Kimmo Timonen.
13:37 of 3rd period - Matt Stajan wins face-off versus Henrik Sedin in Capitals zone.
13:44 of 3rd period - Shot by Tomas Fleischmann.
13:44 of 3rd period - Stopped by Marc-Andre Fleury with a rebound.
14:03 of 3rd period - Minor Penalty to Ryane Clowe for Tripping.
14:04 of 3rd period - Blair Betts wins face-off versus Jeff Halpern in Capitals zone.
14:07 of 3rd period - Shot by Curtis Glencross.
14:07 of 3rd period - Stopped by Jimmy Howard without a rebound.
14:08 of 3rd period - Blair Betts wins face-off versus Jeff Halpern in Capitals zone.
14:11 of 3rd period - Shot by Daniel Sedin.
14:11 of 3rd period - Stopped by Jimmy Howard without a rebound.
14:12 of 3rd period - Blair Betts wins face-off versus Jeff Halpern in Capitals zone.
14:21 of 3rd period - Shot by Blair Betts.
14:21 of 3rd period - Deflect By Claude Giroux.
14:21 of 3rd period - Shot Hit the Post.
14:30 of 3rd period - Icing by Brooks Orpik.
14:31 of 3rd period - Matt Stajan wins face-off versus Blair Betts in Penguins zone.
15:11 of 3rd period - Icing by Stephane Robidas.
15:12 of 3rd period - Daniel Sedin wins face-off versus Jeff Halpern in Penguins zone.
16:43 of 3rd period - Douglas Murray is hit by Ian Laperriere and loses puck.
17:00 of 3rd period - Shot by Henrik Sedin.
17:00 of 3rd period - Shot Blocked by Douglas Murray.
17:04 of 3rd period - Shot by Henrik Sedin.
17:04 of 3rd period - Goal by Henrik Sedin - Penguins : 5 - Capitals : 2.
17:04 of 3rd period - Mike Smith enters game.
17:05 of 3rd period - Curtis Glencross wins face-off versus Matt Stajan in neutral zone.
17:11 of 3rd period - Icing by Kimmo Timonen.
17:12 of 3rd period - Brad Richards wins face-off versus Matt Stajan in Capitals zone.
17:13 of 3rd period - Shot by Curtis Glencross.
17:13 of 3rd period - Stopped by Mike Smith without a rebound.
17:14 of 3rd period - Blair Betts wins face-off versus Matt Stajan in Capitals zone.
17:45 of 3rd period - Matt Stajan is hit by Blair Betts and loses puck.
18:04 of 3rd period - Daniel Sedin is hit by Alexander Ovechkin and loses puck.
18:40 of 3rd period - Shot by Jason Pominville.
18:40 of 3rd period - Stopped by Mike Smith with a rebound.
18:42 of 3rd period - Shot by Nicklas Lidstrom.
18:42 of 3rd period - Stopped by Mike Smith with a rebound.
18:44 of 3rd period - Shot by Jason Pominville.
18:44 of 3rd period - Stopped by Mike Smith without a rebound.
18:45 of 3rd period - Brad Richards wins face-off versus Jeff Halpern in Capitals zone.


Output by the SimonT Hockey Simulator (STHS) for Stephane Roy -- Original Page W3C XHTML 1.0 Valid